 Dungeon Crawl Stone Soup version 0.28-a0-769-g550dbda0cd (webtiles) character file.

Game seed: 5174611149554845560

6192 jasper the Cleaver (level 10, -2/79 HPs)
             Began as a Demonspawn Artificer on Oct 31, 2021.
             Was a High Priest of Okawaru.
             Slain by a two-headed ogre (19 damage)
             ... on level 8 of the Dungeon.
             The game lasted 00:14:54 (8736 turns).

jasper the Cleaver (Demonspawn Artificer)           Turns: 8736, Time: 00:14:54

Health: -2/79      AC: 25    Str: 15    XL:     10   Next: 60%
Magic:  7/14       EV:  8    Int: 14    God:    Okawaru [*****.]
Gold:   184        SH:  0    Dex: 22    Spells: 9/9 levels left

rFire   . . .      SeeInvis .   Q - +0 war axe
rCold   . . .      Faith    .   (no shield)
rNeg    . . .      Spirit   .   v - +0 plate armour
rPois   .          Reflect  .   E - +2 helmet
rElec   .          Harm     .   I - +2 cloak of Inference {Will- Int-5 Dex+8 Slay+6}
rCorr   .          Rampage  .   (no gloves)
Will    .....                   (no boots)
Stlth   ..........              q - amulet of regeneration
HPRegen 1.23/turn               u - +6 ring of intelligence
MPRegen 0.14/turn               (no ring)

@: heroic, finesse-ful, very slightly contaminated, slowed, invisible, very slow
A: hooves 2, slimy green scales 2, spiny 2
a: Renounce Religion, Heroism, Finesse, Duel


You were on level 8 of the Dungeon.
You worshipped Okawaru.
Okawaru was extremely pleased with you.
You visited 1 branch of the dungeon, and saw 8 of its levels.
You also visited: Ossuary.

You collected 583 gold pieces.
You spent 399 gold pieces at shops.

Inventory:

Hand Weapons
 a - a +0 club
 l - a +2 short sword of freezing
 m - a +0 hand axe
 B - a +0 morningstar
 Q - a +0 war axe (weapon)
Missiles
 f - a throwing net
 g - 10 javelins
 i - 219 stones
 o - 6 poisoned darts
 H - 76 sling bullets
 K - 3 boomerangs (quivered)
Armour
 b - a +0 leather armour
 h - a +0 ring mail
 j - a +0 scale mail
 v - a +0 plate armour (worn)
 E - a +2 helmet (worn)
 I - the +2 cloak of Inference (worn) {Will- Int-5 Dex+8 Slay+6}
   (You bought it in a shop on level 2 of the Dungeon)

   Int:       It affects your intelligence (-5).
   Dex:       It affects your dexterity (+8).
   Slay:      It affects your accuracy & damage with ranged weapons and melee
   (+6).
   Will:      It decreases your willpower.
Jewellery
 q - an amulet of regeneration (around neck)
 u - a +6 ring of intelligence (left hand)
 y - a +6 ring of intelligence
Wands
 c - a wand of flame (4)
 d - a wand of charming (15)
 N - a wand of polymorph (9)
 O - a wand of iceblast (11)
Scrolls
 k - 4 scrolls of teleportation
 s - 2 scrolls of magic mapping
 t - 2 scrolls of immolation
 z - 5 scrolls of identify
 M - a scroll of vulnerability
 P - a scroll of enchant armour
Potions
 n - 3 potions of resistance
 p - 2 potions of degeneration
 r - 3 potions of brilliance
 w - 2 potions of lignification
 x - 3 potions of cancellation
 A - 6 potions of curing
 C - 3 potions of haste
 D - 2 potions of might
 F - a potion of mutation
 G - 3 potions of berserk rage
 L - a potion of attraction
Miscellaneous
 e - a piece from Xom's chessboard (15/15)


   Skills:
 + Level 7.5(12.5) Fighting
 * Level 10.1(15.1) Axes
 + Level 7.0(12.0) Armour
 - Level 1.7(6.7) Dodging
 - Level 0.8(5.8) Stealth
 - Level 6.3 Invocations
 - Level 3.0 Evocations


You had 9 spell levels left.
You didn't know any spells.
Your spell library contained the following spells:

 Spells                   Type           Power      Damage    Failure   Level
 Apportation              Tloc           0%         N/A       100%        1
 Ignite Poison            Fire/Tmut/Pois 0%         N/A       100%        3
 Mephitic Cloud           Conj/Pois/Air  0%         N/A       100%        3
 Leda's Liquefaction      Hex/Erth       0%         N/A       100%        4
 Freezing Cloud           Conj/Ice/Air   0%         6-21      100%        5
 Lee's Rapid Deconstruct  Erth           0%         3d5*      100%        5
 Statue Form              Tmut/Erth      0%         N/A       100%        6
 Animate Skeleton         Necr           Unusable   N/A       N/A         1
 Summon Small Mammal      Summ           Unusable   N/A       N/A         1

Dungeon Overview and Level Annotations

Branches:
Dungeon (8/15)             Temple (0/1) D:6         Ossuary (visited)
   Lair: D:8-11

Altars:
Dithmenos
Fedhas
Hepliaklqana
Nemelex Xobeh
Okawaru
Qazlal
Trog
Uskayaw
Vehumet
Xom
Yredelemnul

Shops:
D:2 [   D:7 *


Innate Abilities, Weirdness & Mutations

You have hoof-like feet.
You are mostly covered in slimy green scales. (AC +3)
You are mostly covered in sharp spines.


Message History

* * * LOW HITPOINT WARNING * * *
You feel as though you will be slow longer.
You take 11 damage, and have 12/79 hp.
You feel better.
The kobold brigand throws a curare-tipped dart.
The curare-tipped dart hits you.
You are poisoned.
You have difficulty breathing.
* * * LOW HITPOINT WARNING * * *
You feel as though you will be slow longer.
You regained 5 hp, and now have 17/79 hp.
You fade into invisibility!
You feel very sick. The kobold brigand barely misses you.
You are very lightly contaminated with residual magic.
You take 3 damage, and have 14/79 hp.
You gain the combat prowess of a mighty hero.
You feel very sick.
The kobold brigand is struck by your spines.
The kobold brigand barely misses you.
The kobold brigand hits you with a +0 short sword of venom.
* * * LOW HITPOINT WARNING * * *
You are more poisoned.
You take 2 damage, and have 12/79 hp.
You now have 12/14 mp.
You can now deal lightning-fast blows.
* * * LOW HITPOINT WARNING * * *
You feel very sick.
The kobold brigand hits you but does no damage.
You are lethally poisoned!
You take 4 damage, and have 8/79 hp.
You now have 7/14 mp.
You feel better.
The kobold brigand is struck by your spines.
You kill the kobold brigand!
Okawaru accepts your kill.
You regained 9 hp, and now have 17/79 hp.
You hit the two-headed ogre. Your kick misses the two-headed ogre.
The two-headed ogre is lightly wounded.
The two-headed ogre is struck by your spines.
The two-headed ogre hits you with a +0 giant club!!
You die...

♣.♣P.......♣♣♣♣♣P..P.....≈≈≈≈≈≈≈≈
.P...≈≈≈....P...P.........≈≈≈≈≈≈≈
..≈≈≈≈≈≈≈≈..†......≈≈≈≈≈≈≈≈≈≈≈≈≈≈
..≈######≈≈≈≈≈≈≈≈≈≈######≈≈≈≈≈≈≈≈
..≈#....#....≈.....#....#≈≈≈.≈≈≈≈
..≈#....#..........#....#≈≈...[≈≈
..≈#....#..........#....#≈≈......
..≈#....############[...#≈.......
..≈###........oO@))...###≈.......
..≈..#.######''######)# ..$8
..≈..#.# #.... #.# ..≈..#.#
+....o #.# .≈...#.# #...... #.#
.≈≈..#.##############.#
..≈###....)...........###
..≈#....####....####....#
..≈#..).#..#....#..#....#≈...#


You could see a two-headed ogre and an orc priest.

Vanquished Creatures
  A merfolk (D:8)
  2 trolls (D:8)
  2 wyverns (D:8)
  Eustachio (D:5)
  2 hogs
  2 steam dragons
  Edmund (D:5)
  2 water moccasins
  3 ice beasts
  2 orc warriors
  A sky beast (D:6)
  3 black bears (D:8)
  An ogre (D:4)
  2 necrophages
  A centaur (D:8)
  A phantom (D:7)
  3 kobold brigands
  8 bullfrogs
  A gnoll sergeant (D:8)
  4 scorpions
  A wyvern zombie (D:7)
  4 wights (D:8)
  5 electric eels (D:8)
  4 howler monkeys
  A centaur zombie (D:7)
  A bullfrog zombie (D:6)
  5 hounds
  A jelly (D:7)
  2 gnoll shamans
  5 orc priests
  4 centaur skeletons
  3 bullfrog skeletons
  6 iguanas
  7 orc wizards
  8 mummies (Ossuary)
  9 adders
  13 gnolls
  A howler monkey skeleton (D:6)
  A shadow imp (D:6)
  2 white imps
  An adder skeleton (D:4)
  An adder zombie (D:5)
  4 worms
  2 dart slugs
  8 orcs
  11 bats
  5 endoplasms
  3 giant cockroaches
  A gnoll zombie (Ossuary)
  6 goblins
  6 hobgoblins
  8 jackals
  5 quokkas
  9 ball pythons
  4 frilled lizards
  2 hobgoblin zombies (Ossuary)
  15 kobolds
  3 kobold zombies (Ossuary)
  2 orc zombies (Ossuary)
  3 rats
225 creatures vanquished.

Vanquished Creatures (others)
  36 plants
36 creatures vanquished.

Grand Total: 261 creatures vanquished

Notes
Turn   | Place    | Note
-------+----------+-------------------------------------------
     0 | D:1      | jasper the Demonspawn Artificer began the quest for the
                  | Orb.
     0 | D:1      | Reached XP level 1. HP: 15/15 MP: 1/1
    31 | D:1      | Reached skill level 1 in Dodging
   287 | D:1      | Gained mutation: You have large cloven feet. [demonic
                  | ancestry]
   287 | D:1      | Reached XP level 2. HP: 18/21 MP: 2/2
  1249 | D:1      | You fall into a shaft and drop 1 floor!
  1267 | D:2      | Gained mutation: You are partially covered in slimy green
                  | scales. (AC +2) [demonic ancestry]
  1267 | D:2      | Reached XP level 3. HP: 26/27 MP: 3/3
  1583 | D:2      | Found Xykkodd's Antique Armour Shoppe.
  1608 | D:2      | Reached skill level 1 in Axes
  1636 | D:2      | Found a faded altar of an unknown god.
  1957 | D:2      | Gained mutation: You are mostly covered in slimy green
                  | scales. (AC +3) [demonic ancestry]
  1957 | D:2      | Reached XP level 4. HP: 33/33 MP: 4/4
  2277 | D:2      | Reached skill level 2 in Axes
  2460 | D:3      | Found a basalt altar of Yredelemnul.
  2460 | D:3      | Found a hazy altar of Hepliaklqana.
  2512 | D:3      | Found an iron altar of Okawaru.
  2527 | D:3      | Became a worshipper of Warmaster Okawaru
  2569 | D:3      | Found a sparkling altar of Nemelex Xobeh.
  2750 | D:3      | Noticed a bullfrog
  2758 | D:3      | Killed a bullfrog
  2759 | D:3      | Reached skill level 3 in Axes
  2759 | D:3      | Gained mutation: You have hoof-like feet. [demonic
                  | ancestry]
  2759 | D:3      | Reached XP level 5. HP: 34/38 MP: 5/5
  2977 | D:3      | Found a blossoming altar of Fedhas.
  3083 | D:4      | Noticed an ogre
  3121 | D:4      | Killed an ogre
  3122 | D:4      | Reached skill level 4 in Axes
  3122 | D:4      | Reached XP level 6. HP: 18/46 MP: 6/6
  3201 | D:4      | Found a large runed translucent door.
  3201 | D:4      | Found a large runed translucent door.
  3477 | D:4      | Identified the +1 robe of Youthful Indiscretion {rN+ Will-
                  | Str+2 Archmagi}
  3618 | D:4      | Found a stormy altar of Qazlal.
  3630 | D:4      | Found a shimmering altar of Xom.
  3665 | D:5      | Entered Level 5 of the Dungeon
  3665 | D:5      | Noticed Eustachio
  3768 | D:5      | Reached * piety under Okawaru
  3774 | D:5      | Found a sand-covered staircase.
  3784 | Ossuary  | Entered an ossuary
  3818 | Ossuary  | Reached skill level 1 in Invocations
  3854 | Ossuary  | Reached XP level 7. HP: 34/52 MP: 3/8
  4260 | D:5      | Noticed Edmund
  4391 | D:5      | Killed Eustachio
  4447 | D:5      | Reached ** piety under Okawaru
  4600 | D:6      | Found a staircase to the Ecumenical Temple.
  4656 | D:6      | Reached skill level 5 in Axes
  4677 | D:6      | Gained mutation: You are partially covered in sharp spines.
                  | [demonic ancestry]
  4677 | D:6      | Reached XP level 8. HP: 53/58 MP: 12/12
  4998 | D:6      | Reached skill level 6 in Axes
  6347 | D:7      | Reached skill level 5 in Fighting
  6347 | D:7      | Reached skill level 7 in Axes
  6347 | D:7      | Reached XP level 9. HP: 49/68 MP: 13/13
  6375 | D:7      | Reached *** piety under Okawaru
  6392 | D:7      | Reached skill level 5 in Armour
  6677 | D:7      | Found Kigoatym's Assorted Antiques.
  6692 | D:7      | Bought a potion of haste for 190 gold pieces
  6878 | D:5      | Killed Edmund
  6879 | D:5      | Reached skill level 8 in Axes
  6946 | D:2      | Bought an ichor-stained cloak for 209 gold pieces
  6946 | D:2      | Identified the +2 cloak of Inference {Will- Int-5 Dex+8
                  | Slay+6} (You bought it in a shop on level 2 of the Dungeon)
  7143 | D:5      | Found a hide-covered altar of Uskayaw.
  7200 | D:5      | Found a bloodstained altar of Trog.
  7352 | D:5      | Found a shadowy altar of Dithmenos.
  7586 | D:7      | Found a radiant altar of Vehumet.
  7705 | D:7      | Reached **** piety under Okawaru
  7743 | D:8      | Received a gift from Okawaru
  7976 | D:8      | Gained mutation: You are mostly covered in sharp spines.
                  | [demonic ancestry]
  7976 | D:8      | Reached XP level 10. HP: 77/77 MP: 14/14
  7979 | D:8      | Reached skill level 9 in Axes
  8343 | D:8      | Reached ***** piety under Okawaru
  8669 | D:8      | Received a gift from Okawaru
  8689 | D:8      | Reached skill level 10 in Axes
  8728 | D:8      | Noticed a two-headed ogre
  8736 | D:8      | Slain by a two-headed ogre

Illustrated notes

Levels and vault maps discovered:
D:1:      roderic_crop_circles_arrival_small, layout_loops_ring, hex_medium,
          st_stairs_7, minivault_11
D:2:      minmay_thinvault, layout_rooms, serial_shops, nicolae_diamond_shop,
          chequers_ecumenical_altar_simple_redux
D:3:      layout_rooms, fedhas_altar_fruit_tree, grunt_temple_overflow_open,
          mainiacjoe_overflow_catch_the_wave
D:4:      layout_rooms, jmf_multi_god_temple2, st_stairs_6,
          chequers_serial_rivers_large_a, corner_web_ring
D:5:      layout_basic, nicolae_uskayaw_suspiria, mainiacjoe_overflow_catwalk,
          mainiacjoe_overflow_alcove_4, nicolae_ossuary_entry_ruins,
          uniq_edmund, uniq_eustachio
D:6:      minmay_general_purpose_star, layout_basic, minmay_temple_entry_waves,
          hangedman_abyss_or_decor_slice, minmay_checkerbox
D:7:      layout_layer_cave, vehumet_crystals, serial_shops, nicolae_shop_stone,
          minmay_fractal_squares_5
D:8:      kennysheep_town

Skill      XL: |  1  2  3  4  5  6  7  8  9 10 |
---------------+-------------------------------+-----
Dodging        | 1 |  1.7
Armour         | 2 3 4 6 7 |  7.0
Fighting       | 2 3 5 6 7 |  7.5
Axes           | 1 3 4 5 7 8 10 | 10.1
Invocations    | 2 6 |  6.3
Stealth        | |  0.8
Evocations     | |  3.0

Action                   |  1- 3 |  4- 6 |  7- 9 | 10-12 || total
-------------------------+-------+-------+-------+-------++-------
Melee: Club              |   111 |       |       |       ||   111
       Kick              |    24 |    52 |   114 |    25 ||   215
       Short sword       |    46 |   168 |    30 |       ||   244
       Hand axe          |       |    45 |   351 |    29 ||   425
       Punch             |       |       |     2 |       ||     2
       War axe           |       |       |       |    36 ||    36
Throw: Stone             |    13 |       |     4 |       ||    17
       Boomerang         |       |       |       |     3 ||     3
Invok: Heroism           |       |     4 |    12 |     1 ||    17
       Finesse           |       |       |       |     1 ||     1
Evoke: Wand              |       |     4 |     4 |     3 ||    11
  Use: Scroll            |     3 |     8 |     8 |     1 ||    20
       Potion            |       |     1 |     4 |     3 ||     8
 Stab: Sleeping          |     2 |       |       |       ||     2
Armor: Leather armour    |    13 |       |       |       ||    13
       Scale mail        |    82 |    36 |       |       ||   118
       Plate armour      |       |   122 |   383 |    73 ||   578
Dodge: Dodged            |   103 |    55 |   126 |    25 ||   309

Table legend: (Time is in decaauts)
 A = Elapsed time spent in this place.
 B = Non-inter-level travel time spent in this place.
 C = Inter-level travel time spent in this place.
 D = Time resting spent in this place.
 E = Time spent auto-exploring this place.
 F = Levels seen in this place.
 G = Mean time per level.
                   A        B        C        D        E       F      G
               +--------+--------+--------+--------+--------+-----+--------+
         Total |   8789 |   8216 |    573 |   1017 |   4811 |   9 |  976.6 |
       Dungeon |   8455 |   7882 |    573 |    919 |   4709 |   8 | 1056.9 |
       Ossuary |    334 |    334 |      0 |     98 |    102 |   1 |  334.0 |
               +--------+--------+--------+--------+--------+-----+--------+

Top non-repeatable levels by time:
     D:1: 1362 daAuts
     D:7: 1279 daAuts
     D:6: 1270 daAuts
     D:2: 1179 daAuts
     D:8: 1025 daAuts
     D:5: 934 daAuts
     D:4: 779 daAuts
     D:3: 623 daAuts
 Ossuary: 334 daAuts
